 Dungeon Crawl Stone Soup version 0.26-a0-854-gdc81c2f471 (webtiles) character file.

Game seed: 14382092884517871323

375 iamoutofideas the Stinger (level 6, 0/36 HPs)
             Began as an Octopode Venom Mage on Nov 23, 2020.
             Was an Initiate of Gozag.
             Slain by an iguana (10 damage)
             ... on level 4 of the Dungeon.
             The game lasted 00:07:38 (5947 turns).

iamoutofideas the Stinger (Octopode Venom Mage)     Turns: 5947, Time: 00:07:38

Health: 0/36       AC:  1    Str:  7    XL:     6   Next: 72%
Magic:  10/12      EV: 13    Int: 20    God:    Gozag
Gold:   97         SH:  0    Dex: 12    Spells: 4/13 levels left

rFire    . . .     SeeInvis .   k - +0 short sword
rCold    . . .     Faith    .   (no shield)
rNeg     . . .     Spirit   .   (helmet restricted)
rPois    .         Reflect  .   (no amulet)
rElec    .         Harm     .   (no ring)
rCorr    .         Rampage  .   (no ring)
MR       .....                  (no ring)
Stlth    ++++......             (no ring)
HPRegen  0.12/turn              (no ring)
MPRegen  0.13/turn              (no ring)
                                (no ring)
                                (no ring)

@: very slightly contaminated
A: almost no armour, stealthy swim, amphibious, 8 rings, constrict 8, camouflage
1, gelatinous body 1
a: Potion Petition, Call Merchant, Bribe Branch, Renounce Religion


You were on level 4 of the Dungeon.
You worshipped Gozag.
Gozag was noncommittal.
You visited 2 branches of the dungeon, and saw 5 of its levels.

You collected 172 gold pieces.
You paid 75 gold pieces to Gozag.

Inventory:

Hand Weapons
 k - a +0 short sword (weapon)
Jewellery
 g - an uncursed amulet of faith
Scrolls
 e - 2 scrolls of amnesia
 f - 3 scrolls of identify
 i - a scroll of magic mapping
 l - 2 scrolls of teleportation
 m - a scroll of immolation {unknown}
 n - a scroll of noise {unknown}
Potions
 a - a potion of mutation {unknown}
 b - 3 potions of curing
 c - 2 potions of heal wounds {unknown}
 d - 2 potions of brilliance {unknown}
 h - a potion of might {unknown}
 j - 2 potions of flight {unknown}


   Skills:
 - Level 0.1 Fighting
 - Level 0.3 Short Blades
 + Level 2.3 Dodging
 + Level 4.5 Stealth
 + Level 0.5 Unarmed Combat
 * Level 4.2 Spellcasting
 + Level 2.5 Transmutations
 + Level 0.1 Air Magic
 * Level 5.2 Poison Magic


You had 4 spell levels left.
You knew the following spells:

 Your Spells              Type           Power        Failure   Level
a - Sting                 Tmut/Pois      ###.         2%          1
b - Poisonous Vapours     Pois/Air       ##....       6%          2
c - Mephitic Cloud        Conj/Pois/Air  ##......     19%         3
d - Ignite Poison         Fire/Tmut/Pois ##......     13%         3

Your spell library contained the following spells:

 Spells                   Type           Power        Failure   Level
 Olgreb's Toxic Radiance  Pois           ####....     14%         4


Dungeon Overview and Level Annotations

Branches:
Dungeon (4/15)             Temple (1/1) D:4

Altars:
Ashenzari
Cheibriados
Dithmenos
Elyvilon
Fedhas
Gozag
Hepliaklqana
Kikubaaqudgha
Makhleb
Nemelex Xobeh
Okawaru
Ru
Sif Muna
Trog
Xom
Yredelemnul
Zin
The Shining One


Innate Abilities, Weirdness & Mutations

You cannot wear most types of armour.
You are very stealthy in the water. (Stealth+)
You are amphibious.
You can wear up to eight rings at the same time.
You can use your tentacles to constrict eight enemies at once.
Your skin changes colour to match your surroundings (Stealth+).
Your rubbery body absorbs attacks. (AC +1, EV +1)


Message History

* * * LOW HITPOINT WARNING * * *
Casting: Poisonous Vapours (safe; 6% risk of failure)
Confirm with . or Enter, or press ? or * to list all spells.
Aiming: Sting (safe; 2% risk of failure)
Press: ? - help, Shift-Dir - straight line, f - iguana
Aim: an iguana (heavily wounded, constricted by you, 0% to evade)
Okay, then.
Unknown command.
Casting: Sting (safe; 2% risk of failure)
Confirm with . or Enter, or press ? or * to list all spells.
Aiming: Poisonous Vapours (safe; 6% risk of failure)
Press: ? - help, Dir - move target cursor, f - iguana
Aim: an iguana (heavily wounded, constricted by you)
You miscast Poisonous Vapours.
You are very lightly contaminated with residual magic.
Nothing appears to happen.
You constrict the iguana, but do no damage.
The iguana bites you!
You die...
Your body crumbles into a pile of gold.

# ##. #.. #.# #.#
##.## #...####..
#.@.......
##.#l.....#
#..####..## #..# .#
#..# ###.#####. #
##.......... #.. ##
#.......####.>###..
.###### ###..####
#......#


You could see an iguana.

Vanquished Creatures
  A scorpion (D:4)
  A howler monkey (D:4)
  An orc priest (D:3)
  A bullfrog skeleton (D:4)
  Jessica (D:2)
  A worker ant (D:4)
  5 adders
  3 gnolls (D:3)
  2 worms (D:2)
  3 dart slugs
  A leopard gecko (D:3)
  4 orcs
  9 bats
  2 giant cockroaches (D:1)
  5 goblins
  11 hobgoblins
  15 jackals
  8 kobolds
  2 quokkas
  2 ball pythons (D:2)
  7 frilled lizards
  8 rats
93 creatures vanquished.

Notes
Turn   | Place    | Note
-------+----------+-------------------------------------------
     0 | D:1      | iamoutofideas the Octopode Venom Mage began the quest for
                  | the Orb.
     0 | D:1      | Reached XP level 1. HP: 11/11 MP: 3/3
   248 | D:1      | Reached skill level 4 in Poison Magic
   335 | D:1      | Reached XP level 2. HP: 17/17 MP: 3/5
   947 | D:1      | Reached XP level 3. HP: 19/21 MP: 4/6
  1713 | D:2      | Reached XP level 4. HP: 25/27 MP: 3/8
  1770 | D:2      | Noticed Jessica
  1777 | D:2      | Killed Jessica
  2987 | D:3      | Reached XP level 5. HP: 31/31 MP: 6/9
  3836 | D:3      | Learned a level 2 spell: Poisonous Vapours
  3840 | D:3      | Learned a level 3 spell: Mephitic Cloud
  3844 | D:3      | Learned a level 3 spell: Ignite Poison
  4307 | D:3      | Found an iron altar of Okawaru.
  4338 | D:4      | Reached skill level 5 in Poison Magic
  4338 | D:4      | Reached XP level 6. HP: 16/36 MP: 11/11
  4673 | D:4      | Found a hazy altar of Hepliaklqana.
  5472 | D:4      | Found a staircase to the Ecumenical Temple.
  5542 | Temple   | Entered the Ecumenical Temple
  5709 | Temple   | Became a worshipper of Gozag Ym Sagoz the Greedy
  5947 | D:4      | Slain by an iguana

Illustrated notes

Levels and vault maps discovered:
D:1:      mrwooster_arrival_statue, layout_basic, minmay_misc_feat_tiny
D:2:      layout_loops_ring, uniq_jessica
D:3:      layout_loops_corners, okawaru_altar_gauntlet_db
D:4:      layout_layer_cave, general_overflow_altar,
          minmay_temple_entry_nine_rooms, lightli_corner_chamber
Temple:   regret_index_temple_sphere_string

Skill      XL: |  1  2  3  4  5  6 |
---------------+-------------------+-----
Poison Magic   | 4 5 |  5.2
Stealth        | 3 4 |  4.5
Transmutations | 2 |  2.5
Spellcasting   | 3 4 |  4.2
Fighting       | |  0.1
Short Blades   | |  0.3
Dodging        | |  2.3
Unarmed Combat | |  0.5
Air Magic      | |  0.1

Action                   |  1- 3 |  4- 6 || total
-------------------------+-------+-------++-------
Melee: Unarmed           |    41 |    35 ||    76
       Constrict         |    16 |    29 ||    45
       Tentacles         |    15 |    17 ||    32
       Short sword       |       |    58 ||    58
 Cast: Sting             |    38 |    56 ||    94
       Poisonous Vapours |       |     8 ||     8
       Mephitic Cloud    |       |     1 ||     1
  Use: Scroll            |       |     4 ||     4
       Potion            |       |     1 ||     1
 Stab: Sleeping          |     2 |    12 ||    14
Armor: Skin              |     3 |    13 ||    16
Dodge: Dodged            |    31 |   117 ||   148

Table legend: (Time is in decaauts)
 A = Elapsed time spent in this place.
 B = Non-inter-level travel time spent in this place.
 C = Inter-level travel time spent in this place.
 D = Time resting spent in this place.
 E = Time spent auto-exploring this place.
 F = Levels seen in this place.
 G = Mean time per level.
                   A        B        C        D        E       F      G
               +--------+--------+--------+--------+--------+-----+--------+
         Total |   5951 |   5812 |    139 |   2480 |   2666 |   5 | 1190.2 |
       Dungeon |   5770 |   5684 |     86 |   2480 |   2539 |   4 | 1442.5 |
        Temple |    180 |    128 |     52 |      0 |    127 |   1 |  180.0 |
               +--------+--------+--------+--------+--------+-----+--------+

Top non-repeatable levels by time:
     D:3: 1812 daAuts
     D:4: 1456 daAuts
     D:1: 1320 daAuts
     D:2: 1180 daAuts
  Temple: 180 daAuts
